 Seeded DCSS version 0.29-a0-375-g5102b3be25 (webtiles) character file.

Game seed: 20220504 (custom seed)

5130 a11behringer the Basher (level 10, 0/147 HPs)
             Began as a Troll Berserker on May 4, 2022.
             Was a Priest of Trog.
             Slain by a warg (10 damage)
             ... on level 8 of the Dungeon.
             The game lasted 00:22:07 (6964 turns).

a11behringer the Basher (Troll Berserker)           Turns: 6964, Time: 00:22:08

Health: 0/147      AC: 14    Str: 31    XL:     10   Next: 33%
Magic:  9/9        EV: 10    Int:  3    God:    Trog [***...]
Gold:   790        SH:  0    Dex:  9    Spells: 9/9 levels left

rFire   . . .      SeeInvis .   w - +2 whip (flame)
rCold   . . .      Faith    .   y - orb {light}
rNeg    . . .      Spirit   .   m - +0 swamp dragon scales
rPois   +          Reflect  .   (helmet restricted)
rElec   .          Harm     .   v - +0 cloak
rCorr   .          Rampage  .   (gloves unavailable)
Will    ++...                   (boots unavailable)
Stlth   ..........              (no amulet)
HPRegen 2.14/turn               i - +4 ring of protection
MPRegen 0.11/turn               B - ring "Fiot" {Fly Slay+2}

@: berserking, strong-willed, flying, regenerating, glowing, very quick
A: large, unfitting armour, claws 3, regeneration 1, shaggy fur 1, tough skin 1
a: Renounce Religion, Berserk, Trog's Hand


You were on level 8 of the Dungeon.
You worshipped Trog.
Trog was most pleased with you.
You visited 2 branches of the dungeon, and saw 9 of its levels.
You also visited: Bailey.

You collected 790 gold pieces.

Inventory:

Hand Weapons
 a - a +0 mace
 w - a +2 whip of flaming (weapon)
 J - a +0 war axe
 L - a +0 vorpal mace
Missiles
 g - 38 poisoned darts
 o - 163 stones (quivered)
 A - a throwing net
 D - 14 large rocks
 F - 12 boomerangs
 G - 4 curare-tipped darts
 I - 8 datura-tipped darts
Armour
 b - a +0 animal skin
 m - +0 swamp dragon scales (worn)
 v - a +0 cloak (worn)
 y - an orb of light (worn)
Jewellery
 e - a +4 ring of protection
 h - a ring of protection from cold
 i - a +4 ring of protection (left claw)
 x - a ring of ice
 B - the ring "Fiot" (right claw) {Fly Slay+2}
   (You found it on level 5 of the Dungeon)

   [ring of flight]

   Slay:      It affects your accuracy & damage with ranged weapons and melee
   (+2).
   Fly:       It grants you flight.
 C - a ring of ice
Wands
 k - a wand of flame (14)
 z - a wand of paralysis (7)
 H - a wand of iceblast (5)
Scrolls
 f - 4 scrolls of summoning
 l - 5 scrolls of enchant armour
 n - 2 scrolls of vulnerability
 p - a scroll of fog
 t - a scroll of poison {unknown}
 E - 2 scrolls of blinking
 M - a scroll of teleportation
Potions
 c - a potion of flight {unknown}
 d - 2 potions of heal wounds
 j - 4 potions of curing
 q - a potion of might {unknown}
 r - a potion of haste {unknown}
 s - 2 potions of invisibility
 u - 2 potions of attraction
Miscellaneous
 K - a piece from Xom's chessboard (15/15)


   Skills:
 + Level 5.7 Fighting
 * Level 11.6 Maces & Flails
 + Level 1.9 Armour
 + Level 5.8 Dodging


You had 9 spell levels left.
You didn't know any spells.
Your spell library was empty.

Dungeon Overview and Level Annotations

Branches:
Dungeon (8/15)             Temple (1/1) D:4            Lair (0/6) D:8
 Bailey (visited)

Altars:
Ashenzari
Cheibriados
Dithmenos
Elyvilon
Fedhas
Gozag
Hepliaklqana
Kikubaaqudgha
Makhleb
Nemelex Xobeh
Okawaru
Qazlal
Ru
Sif Muna
Trog
Uskayaw
Vehumet
Wu Jian
Xom
Yredelemnul
Zin
The Shining One
Lugonu

Portals:
Abyss: D:5


Innate Abilities, Weirdness & Mutations

You are too large for most types of armour.
You have claws for hands.
Your natural rate of healing is unusually fast.
You are covered in fur. (AC +1)
You have tough skin. (AC +1)


Message History

The orc hits you but does no damage.
A red film seems to cover your vision as you go berserk!
You feel yourself moving faster!
You feel mighty!
You can no longer call in reinforcements.
The warg bites you but does no damage. x2; The orc wizard misses you.
The orc wizard hits you but does no damage.
The orc priest hits you with a +0 club. The warg bites you. The warg bites you!
You whack the yak! You burn the yak.
The yak is moderately wounded.
You whack the orc priest! You burn the orc priest.
You kill the orc priest!
Trog accepts your kill.
The yak snorts and paws the ground.
The yak gores you!
The orc wizard hits you but does no damage.
The orc wizard barely misses you. The warg bites you!
* * * LOW HITPOINT WARNING * * *
You whack the orc! You burn the orc.
You kill the orc!
Trog accepts your kill. The warg bites you.
* * * LOW HITPOINT WARNING * * *
You barely miss the yak.
The yak is moderately wounded.
You whack the yak! You burn the yak.
The yak is heavily wounded.
The centaur unwields a +0 shortbow.
The centaur hits you but does no damage.
The centaur kicks you but does no damage.
The warg bites you!
* * * LOW HITPOINT WARNING * * *
The warg bites you.
* * * LOW HITPOINT WARNING * * *
The yak gores you!
* * * LOW HITPOINT WARNING * * *
The yak gores you!
* * * LOW HITPOINT WARNING * * *
The orc wizard closely misses you. The orc wizard barely misses you.
The warg barely misses you. The warg bites you!
You die...

#.# #.. .##.# ## #.#
#.. #.. ##. #.# # #.
#.. #.# ########... .
#..# #.###........#
#.## ##........####
#. # ###...#####.# .
# #....## ##.## .. #
#.#### ##h@o## .# #
###'### #Jh.Y.# #
#8...8# #..Yoc..# #
#.....# #...oYY.#
#### ###...#
........... # #...
#A#.._##.............
...##...
########.....>.......
#......
#.............
####...
#............# #...


You could see 4 yaks, 2 wargs, a centaur, a jelly, 2 orc wizards and an orc.

Vanquished Creatures
  Pikel (D:5)
  An orc knight (Bailey)
  Maggie (D:7)
  Prince Ribbit (D:5)
  Eustachio (D:6)
  A steam dragon (D:8)
  A warg (D:8)
  A water moccasin (D:7)
  2 sky beasts
  3 ice beasts
  4 orc warriors (Bailey)
  2 phantoms
  A lemure (D:5)
  8 kobold brigands
  Blork the orc (D:5)
  A necrophage (D:4)
  A gnoll sergeant (D:6)
  3 bullfrogs
  4 scorpions
  4 wights (D:8)
  A jelly (D:7)
  2 howler monkeys
  4 orc priests
  Crazy Yiuf (D:4)
  A gnoll shaman (D:4)
  3 hounds
  6 iguanas
  5 orc wizards
  14 gnolls
  15 adders
  A shadow imp (D:7)
  A white imp (D:3)
  4 worms
  20 orcs
  8 endoplasms
  2 giant cockroaches
  A goblin (D:4)
  4 hobgoblins
  6 jackals
  5 quokkas
  11 ball pythons
  6 bats
  5 frilled lizards
  16 kobolds
  9 rats
  A lurking horror (D:5)
194 creatures vanquished.

Vanquished Creatures (others)
  An orc (D:8)
  A lurking horror (D:5)
  A plant (D:8)
3 creatures vanquished.

Grand Total: 197 creatures vanquished

Notes
Turn   | Place    | Note
-------+----------+-------------------------------------------
     0 | D:1      | a11behringer the Troll Berserker began the quest for the
                  | Orb.
     0 | D:1      | Reached XP level 1. HP: 22/22 MP: 0/0
   181 | D:1      | Reached skill level 3 in Maces & Flails
   242 | D:1      | Reached XP level 2. HP: 29/29 MP: 1/1
   907 | D:2      | Found a blossoming altar of Fedhas.
   924 | D:2      | Reached XP level 3. HP: 36/36 MP: 2/2
  1083 | D:2      | Identified the +0 robe of Reason {MP+9 Int-3 Dex+9 SInv}
  1216 | D:2      | Reached ** piety under Trog
  1331 | D:2      | Reached skill level 4 in Maces & Flails
  1342 | D:2      | Reached XP level 4. HP: 44/44 MP: 3/3
  1751 | D:3      | Found a shimmering blue altar of Sif Muna.
  1783 | D:3      | Found a faded altar of an unknown god.
  2401 | D:4      | Reached XP level 5. HP: 43/52 MP: 4/4
  2592 | D:4      | Noticed a phantom
  2606 | D:4      | Killed a phantom
  2607 | D:4      | Reached skill level 5 in Maces & Flails
  2607 | D:4      | Reached XP level 6. HP: 61/61 MP: 5/5
  2665 | D:4      | Found a radiant altar of Vehumet.
  2672 | D:4      | Found a glowing golden altar of the Shining One.
  2672 | D:4      | Found a burning altar of Makhleb.
  2675 | D:4      | Found a hide-covered altar of Uskayaw.
  2675 | D:4      | Found a bloodstained altar of Trog.
  2675 | D:4      | Found an opulent altar of Gozag.
  2676 | D:4      | Found a hazy altar of Hepliaklqana.
  2982 | D:4      | Found a runed translucent door.
  2983 | D:4      | Noticed Crazy Yiuf
  3161 | D:4      | Found a staircase to the Ecumenical Temple.
  3352 | D:4      | Killed Crazy Yiuf
  3353 | D:4      | Reached skill level 6 in Maces & Flails
  3455 | Temple   | Entered the Ecumenical Temple
  3533 | D:5      | Entered Level 5 of the Dungeon
  3533 | D:5      | Found an iron altar of Okawaru.
  3540 | D:5      | Noticed Blork the orc
  3553 | D:5      | Killed Blork the orc
  3554 | D:5      | Reached XP level 7. HP: 55/67 MP: 6/6
  3642 | D:5      | Noticed Pikel
  3655 | D:5      | Killed Pikel
  3656 | D:5      | Reached skill level 7 in Maces & Flails
  3656 | D:5      | Reached XP level 8. HP: 76/76 MP: 7/7
  3787 | D:5      | Reached skill level 8 in Maces & Flails
  3819 | D:5      | Found a white marble altar of Elyvilon.
  3850 | D:5      | Reached *** piety under Trog
  3859 | D:5      | Identified the ring "Fiot" {Fly Slay+2}
  4033 | D:5      | Noticed Prince Ribbit
  4066 | D:5      | Killed Prince Ribbit
  4081 | D:5      | Found a corrupted altar of Lugonu.
  4081 | D:5      | Found a one-way gate to the infinite horrors of the Abyss.
  4382 | D:5      | Found a blossoming altar of Fedhas.
  4542 | D:6      | Reached skill level 9 in Maces & Flails
  4656 | D:6      | Noticed Eustachio
  4682 | D:6      | Killed Eustachio
  4683 | D:6      | Reached XP level 9. HP: 74/84 MP: 8/8
  5300 | D:6      | Reached skill level 5 in Dodging
  5410 | D:6      | Found an ornate altar of the Wu Jian Council.
  5856 | D:7      | Reached skill level 10 in Maces & Flails
  5940 | D:7      | Noticed Maggie
  5960 | D:7      | Killed Maggie
  6450 | D:8      | Reached skill level 5 in Fighting
  6621 | D:8      | Found a flagged portal.
  6630 | Bailey   | Entered a bailey
  6658 | Bailey   | Reached skill level 11 in Maces & Flails
  6700 | Bailey   | Reached **** piety under Trog
  6722 | Bailey   | Noticed an orc knight
  6724 | Bailey   | Found an iron altar of Okawaru.
  6728 | Bailey   | Reached XP level 10. HP: 96/96 MP: 9/9
  6740 | Bailey   | Killed an orc knight
  6741 | Bailey   | Reached skill level 1 in Armour
  6783 | Bailey   | Identified the +5 dagger "Ganoaj" {venom, rPois Str+3
                  | Stlth+}
  6928 | D:8      | Found a glowing silver altar of Zin.
  6928 | D:8      | Noticed an angel
  6944 | D:8      | Found a staircase to the Lair.
  6964 | D:8      | Slain by a warg

Illustrated notes

Levels and vault maps discovered:
D:1:      psy_arrival_wood_between_worlds, layout_basic, serial_park_tiny_1,
          chequers_arboretum
D:2:      layout_loops_cross, basic_altar, palyth_stone_intersect
D:3:      minmay_chambers_of_threes, layout_rooms, old_standard_altar,
          ebering_ecumenical_altar_box
D:4:      layout_basic, grunt_temple_overflow_open, minmay_temple_entry_fiery,
          chequers_serial_rivers_small_b, uniq_crazy_yiuf_cottage
D:5:      layout_loops_ring, fedhas_altar_4,
          mainiacjoe_overflow_large_starburst, amcnicky_altar_lugonu_corruption,
          uniq_prince_ribbit1, uniq_pikel, uniq_blork_the_orc
D:6:      layout_basic, nicolae_wu_jian_immortal_techniques, uniq_eustachio
D:7:      layout_loops_corners, uniq_maggie
D:8:      layout_rooms, zin_angel, erik_lair_orcish_takeover, enter_bailey_2
Temple:   corrupted_temple

Skill      XL: |  1  2  3  4  5  6  7  8  9 10 |
---------------+-------------------------------+-----
Maces & Flails | 3 4 5 6 7 9 11 | 11.6
Dodging        | 3 4 5 |  5.8
Fighting       | 3 4 5 |  5.7
Armour         | 1 |  1.9

Action                   |  1- 3 |  4- 6 |  7- 9 | 10-12 || total
-------------------------+-------+-------+-------+-------++-------
Melee: Mace              |   112 |   224 |    46 |       ||   382
       Punch             |     1 |     2 |     3 |       ||     6
       Whip              |       |       |   317 |    72 ||   389
Invok: Berserk           |     1 |     5 |     6 |     1 ||    13
       Trog's Hand       |       |     3 |     5 |     1 ||     9
  Use: Scroll            |       |     1 |    10 |       ||    11
 Stab: Sleeping          |       |     1 |     1 |       ||     2
Armor: Animal skin       |    66 |   193 |    84 |       ||   343
       Swamp dragon scal |       |       |    55 |    36 ||    91
Dodge: Dodged            |    79 |   143 |   182 |    27 ||   431

Table legend: (Time is in decaauts)
 A = Elapsed time spent in this place.
 B = Non-inter-level travel time spent in this place.
 C = Inter-level travel time spent in this place.
 D = Time resting spent in this place.
 E = Time spent auto-exploring this place.
 F = Levels seen in this place.
 G = Mean time per level.
                   A        B        C        D        E       F      G
               +--------+--------+--------+--------+--------+-----+--------+
         Total |   6972 |   6254 |    718 |      0 |   4740 |  10 |  697.2 |
       Dungeon |   6728 |   6043 |    685 |      0 |   4736 |   8 |  841.0 |
        Temple |     41 |      8 |     33 |      0 |      4 |   1 |   41.0 |
        Bailey |    202 |    202 |      0 |      0 |      0 |   1 |  202.0 |
               +--------+--------+--------+--------+--------+-----+--------+

Top non-repeatable levels by time:
     D:4: 1184 daAuts
     D:6: 1031 daAuts
     D:5: 929 daAuts
     D:1: 900 daAuts
     D:7: 885 daAuts
     D:2: 808 daAuts
     D:3: 701 daAuts
     D:8: 287 daAuts
  Bailey: 202 daAuts
  Temple: 41 daAuts
